 Dungeon Crawl Stone Soup version 0.31-a0-875-g02e7d12df6 (webtiles) character file.

Game seed: 14233065453812390359

1431916 RepHenryClay the Conqueror (level 27, 201/288 (300) HPs)
             Began as a Hill Orc Fighter on Oct 10, 2023.
             Was an Initiate of Gozag.
             Escaped with the Orb
             ... and 3 runes on Oct 12, 2023!
             The game lasted 03:08:16 (94509 turns).

RepHenryClay the Conqueror (Hill Orc Fighter)      Turns: 94509, Time: 03:08:17

HP:   201/288 (300) AC: 33    Str: 31    XL:     27
MP:   6/6           EV: 22    Int: 12    God:    Gozag
Gold: 3285          SH: 14    Dex: 12    Spells: 22/26 levels left

rFire   + + .        a - +9 broad axe (antimagic)
rCold   + . .        b - +1 buckler {rC+ rF+}
rNeg    + . .        H - +3 chain mail {rF+}
rPois   .            g - +1 helmet "Inkeamytt" {Will+++ rCorr Str+3 Dex-4}
rElec   +            f - +2 cloak {Will+}
rCorr   +            R - +3 pair of gauntlets of War {Slay+5}
SInv    .            v - +2 pair of boots {Fly}
Will    +++++        L - amulet of reflection Stlth
                     i - ring "Meaprorch" {rElec Will+ EV+5 Dex+3}
HPRegen 0.68/turn    J - ring of positive energy
MPRegen 0.10/turn

%: reflection
@: flying, studying Throwing, lightly drained
A: clever 1, deformed body, deterioration 1, low MP 1, passive freeze, robust 1
0: Orb of Zot
}: 3/15 runes: barnacled, slimy, gossamer
a: Renounce Religion, Potion Petition, Call Merchant, Bribe Branch


You escaped.
You worshipped Gozag.
Gozag was most pleased with you.
You visited 11 branches of the dungeon, and saw 52 of its levels.
You also visited: Bailey, Gauntlet, Ice Cave, Volcano and Wizlab.

You collected 25428 gold pieces.
You spent 7686 gold pieces at shops.
You paid 14457 gold pieces to Gozag.

Inventory:

Hand Weapons
 a - a +9 antimagic broad axe (weapon)
 n - the +7 war axe of Niqolaox {flame, MP+9 Str+3 Dex+2}
   (You found it on level 5 of the Pits of Slime)

   Str+3:     It affects your strength (+3).
   Dex+2:     It affects your dexterity (+2).
   MP+9:      It affects your magic capacity (+9).
 o - the +8 storm bow {elec, penet}
   (You found it on level 1 of the Realm of Zot)
Missiles
 h - 13 silver javelins
 I - 9 throwing nets (quivered)
Armour
 b - a +1 buckler of resistance (worn)
 f - a +2 cloak of willpower (worn)
 g - the +1 helmet "Inkeamytt" (worn) {Will+++ rCorr Str+3 Dex-4}
   (You found it on level 3 of the Elven Halls)

   Str+3:     It affects your strength (+3).
   Dex-4:     It affects your dexterity (-4).
   Will+++:   It greatly increases your willpower.
   rCorr:     It protects you from acid and corrosion.
 v - a +2 pair of boots of flying (worn)
 H - a +3 chain mail of fire resistance (worn)
 R - the +3 pair of gauntlets of War (worn) {Slay+5}
   (You bought it in a shop on level 4 of the Shoals)

   Slay+5:    It affects your accuracy & damage with ranged weapons and melee
   (+5).
 S - the +1 pair of gloves "Ethriew" {rElec rN+}
   (You found it on level 5 of the Pits of Slime)

   rElec:     It insulates you from electricity.
   rN+:       It protects you from negative energy.
 W - a +2 kite shield of positive energy
Jewellery
 i - the ring "Meaprorch" (left hand) {rElec Will+ EV+5 Dex+3}
   (You found it on level 5 of the Lair of Beasts)

   [ring of evasion]

   EV+5:      It affects your evasion (+5).
   Dex+3:     It affects your dexterity (+3).
   rElec:     It insulates you from electricity.
   Will+:     It increases your willpower.
 r - the ring of the Stained God {rPois rN+ rCorr Int+4 Dex-5}
   (You found it in an ice cave)

   [ring of resist corrosion]

   Int+4:     It affects your intelligence (+4).
   Dex-5:     It affects your dexterity (-5).
   rPois:     It protects you from poison rN+: It protects you from negative
   energy.
   rCorr:     It protects you from acid and corrosion.
 s - the ring "Itain" {rPois Will++ Str+6}
   (You bought it in a shop on level 1 of the Vaults)

   [ring of strength]

   Str+6:     It affects your strength (+6).
   rPois:     It protects you from poison Will++: It greatly increases your
   willpower.
 F - the ring "Toirph" {rCorr Dex+3}
   (You found it on level 5 of the Pits of Slime)

   [ring of resist corrosion]

   Dex+3:     It affects your dexterity (+3).
   rCorr:     It protects you from acid and corrosion.
 G - the ring "Iguleh" {rF+ Str-2 Dex+2 Slay+3 SInv}
   (You bought it in a shop on level 2 of the Orcish Mines)

   [ring of see invisible]

   Str-2:     It affects your strength (-2).
   Dex+2:     It affects your dexterity (+2).
   Slay+3:    It affects your accuracy & damage with ranged weapons and melee
   (+3).
   rF+:       It protects you from fire.
   SInv:      It lets you see invisible.
 J - a ring of positive energy (right hand)
 L - an amulet of reflection (around neck)
 Q - the amulet of Ruytzeamp {Spirit +Inv rPois Regen+ Slay-3}
   (You found it on level 3 of the Realm of Zot)

   [amulet of guardian spirit]

   Spirit:    It causes incoming damage to be divided between your reserves of
   health and magic.
   Slay-3:    It affects your accuracy & damage with ranged weapons and melee
   (-3).
   rPois:     It protects you from poison +Inv: It lets you turn invisible.
   Regen+:    It increases your rate of health regeneration.
 Y - the ring "Owotumpa" {Fly Int+6}
   (You found it in an ice cave)

   [ring of intelligence]

   Int+6:     It affects your intelligence (+6).
   Fly:       It grants you flight.
Wands
 c - a wand of paralysis (54)
 t - a wand of iceblast (35)
 C - a wand of acid (26)
 O - a wand of mindburst (30)
 Z - a wand of digging (21)
Scrolls
 e - 3 scrolls of fear
 k - 5 scrolls of revelation
 l - 8 scrolls of teleportation
 u - 2 scrolls of blinking
 x - 10 scrolls of enchant armour
 B - 18 scrolls of identify {@r1}
 M - a scroll of torment
 P - a scroll of summoning
 T - 3 scrolls of fog
 V - 2 scrolls of brand weapon
Potions
 d - 4 potions of might
 j - 16 potions of curing
 m - 3 potions of invisibility
 p - a potion of berserk rage
 q - 14 potions of mutation
 w - 4 potions of ambrosia
 z - 4 potions of attraction
 A - 4 potions of heal wounds
 D - 4 potions of enlightenment
 E - 3 potions of cancellation
 K - 2 potions of magic
 U - 5 potions of resistance
 X - 8 potions of haste
Miscellaneous
 y - a phantom mirror
 N - a condenser vane


   Skills:
 O Level 27 Fighting
 - Level 20.2 Axes
 - Level 4.0 Throwing
 O Level 27 Armour
 + Level 18.9 Dodging
 - Level 16.3 Shields
 - Level 20.1 Evocations


You had 22 spell levels left.
You knew the following spells:

 Your Spells              Type           Power      Damage    Failure   Level
a - Blink                 Tloc           0%         N/A       67%         2
Q - Lesser Beckoning      Tloc           0%         N/A       67%         2

Your spell library contained the following spells:

 Spells                   Type           Power      Damage    Failure   Level
 Apportation              Tloc           0%         N/A       54%         1
 Freeze                   Ice            0%         1d3       54%         1
 Magic Dart               Conj           0%         1d3       54%         1
 Shock                    Conj/Air       0%         1d3       54%         1
 Slow                     Hex            0%         N/A       54%         1
 Sting                    Tmut/Pois      0%         1d3       54%         1
 Call Imp                 Summ           0%         N/A       67%         2
 Cigotuvi's Dreadful Rot  Necr/Pois/Air  0%         N/A       67%         2
 Ensorcelled Hibernation  Hex/Ice        0%         N/A       67%         2
 Jinxbite                 Hex            0%         N/A       67%         2
 Momentum Strike          Conj/Tloc      0%         3d8       67%         2
 Passwall                 Tmut/Erth      0%         N/A       67%         2
 Poisonous Vapours        Pois/Air       0%         N/A       67%         2
 Scorch                   Fire           0%         2d5       67%         2
 Confusing Touch          Hex            0%         N/A       88%         3
 Frozen Ramparts          Ice            0%         1d1       88%         3
 Gell's Gravitas          Tloc           0%         N/A       88%         3
 Hailstorm                Conj/Ice       0%         3d3       88%         3
 Ignite Poison            Fire/Tmut/Pois 0%         N/A       88%         3
 Inner Flame              Hex/Fire       0%         N/A       88%         3
 Mephitic Cloud           Conj/Pois/Air  0%         N/A       88%         3
 Ozocubu's Armour         Ice            0%         N/A       88%         3
 Sigil of Binding         Hex            0%         N/A       88%         3
 Summon Guardian Golem    Hex/Summ       0%         N/A       88%         3
 Swiftness                Air            0%         N/A       88%         3
 Teleport Other           Tloc           0%         N/A       88%         3
 Tukima's Dance           Hex            0%         N/A       88%         3
 Vampiric Draining        Necr           0%         2d6       88%         3
 Volatile Blastmotes      Fire/Tloc      0%         2d10      88%         3
 Airstrike                Air            0%         2d(0-16)  99%         4
 Anguish                  Hex/Necr       0%         N/A       99%         4
 Animate Armour           Summ/Erth      0%         N/A       99%         4
 Cause Fear               Hex            0%         N/A       99%         4
 Dimensional Bullseye     Hex/Tloc       0%         N/A       99%         4
 Flame Wave               Conj/Fire      0%         2d4       99%         4
 Fulminant Prism          Conj/Hex       0%         3d5       99%         4
 Iskenderun's Mystic Bla  Conj/Tloc      0%         2d3       99%         4
 Olgreb's Toxic Radiance  Pois           0%         N/A       99%         4
 Passage of Golubria      Tloc           0%         N/A       99%         4
 Petrify                  Tmut/Erth      0%         N/A       99%         4
 Sticky Flame             Conj/Fire      0%         2d3       99%         4
 Summon Ice Beast         Ice/Summ       0%         N/A       99%         4
 Summon Lightning Spire   Summ/Air       0%         N/A       99%         4
 Vhi's Electric Charge    Tloc/Air       0%         N/A       99%         4
 Alistair's Intoxication  Tmut/Pois      0%         N/A       100%        5
 Arcjolt                  Conj/Air       0%         1d10      100%        5
 Borgnjor's Vile Clutch   Necr/Erth      0%         N/A       100%        5
 Freezing Cloud           Conj/Ice/Air   0%         6-21      100%        5
 Iskenderun's Battlesphe  Conj           0%         2d6       100%        5
 Metabolic Englaciation   Hex/Ice        0%         N/A       100%        5
 Summon Forest            Summ/Tloc      0%         N/A       100%        5
 Summon Mana Viper        Hex/Summ       0%         N/A       100%        5
 Yara's Violent Unravell  Hex/Tmut       0%         3d3       100%        5
 Bombard                  Conj/Erth      0%         9d1       100%        6
 Eringya's Noxious Bog    Tmut/Pois      0%         4d6       100%        6
 Plasma Beam              Fire/Air       0%         2x1d10    100%        6
 Summon Cactus Giant      Summ           0%         N/A       100%        6
 Enfeeble                 Hex            0%         N/A       100%        7
 Haunt                    Necr/Summ      0%         N/A       100%        7
 Malign Gateway           Summ/Tloc      0%         N/A       100%        7
 Monstrous Menagerie      Summ           0%         N/A       100%        7
 Orb of Destruction       Conj           0%         9d5       100%        7
 Ozocubu's Refrigeration  Ice            0%         4d7       100%        7
 Spellforged Servitor     Conj/Summ      0%         N/A       100%        7
 Summon Hydra             Summ           0%         N/A       100%        7
 Borgnjor's Revivificati  Necr           0%         N/A       100%        8
 Ignition                 Fire           0%         3d3       100%        8
 Maxwell's Capacitive Co  Air            0%         ∞         100%        8
 Summon Horrible Things   Summ           0%         N/A       100%        8
 Chain Lightning          Conj/Air       0%         N/A       100%        9
 Death's Door             Necr           0%         N/A       100%        9
 Fire Storm               Conj/Fire      0%         5d1       100%        9
 Polar Vortex             Ice            0%         N/A       100%        9
 Shatter                  Erth           0%         3d5*      100%        9
 Simulacrum               Ice/Necr       Unusable   N/A       N/A         6

Dungeon Overview and Level Annotations

Branches:
Dungeon (15/15)            Temple (1/1) D:7            Lair (5/5) D:10
 Shoals (4/4) Lair:2       Spider (4/4) Lair:3        Slime (5/5) Lair:5
    Orc (2/2) D:10            Elf (3/3) Orc:2        Vaults (4/5) D:13
  Crypt (0/3) Vaults:3     Depths (4/4) D:15            Zot (5/5) Depths:4
 Bailey (visited)           IceCv (visited)         Volcano (visited)
 WizLab (visited)         Gauntlet (visited)

Altars:
Ashenzari
Cheibriados
Dithmenos
Elyvilon
Fedhas
Gozag
Hepliaklqana
Kikubaaqudgha
Makhleb
Nemelex Xobeh
Okawaru
Qazlal
Ru
Sif Muna
Trog
Uskayaw
Vehumet
Wu Jian
Xom
Yredelemnul
Zin
The Shining One
Jiyva

Shops:
D:10 (   D:12 [   Orc:1 *   Orc:2 [=[=(   Elf:2 ??[   Shoals:1 ?(   Shoals:4 [
Vaults:1 *[?=[(=?(   Vaults:2 (   Vaults:3 :   Zot:4 *   Depths:1 =*(([
Depths:3 (   Depths:4 *

Portals:
Hell: Depths:1 Depths:2 Depths:3 Depths:4
Abyss: Depths:3
Pandemonium: Depths:2
Ziggurat: Depths:4

Annotations:
Vaults:1 good ring
Zot:3 1 runed translucent door, Tiejaxt's ghost, master TeAE


Innate Abilities, Weirdness & Mutations

Your mind is acute. (Int +4, Str/Dex -1)
Armour fits poorly on your strangely shaped body.
Your body sometimes deteriorates upon taking damage.
Your magical capacity is low. (-10% MP)
A frigid envelope surrounds you and freezes all who hurt you.
You are robust. (+10% HP)


Message History

There is a stone staircase leading up here.
You fly upwards.
There is a stone staircase leading down here.
An efreet comes into view.
It is wielding a +2 scimitar of flaming.
You slice the efreet!!
The efreet's magic leaks into the air.
The efreet is heavily wounded.
You slash the efreet!
The efreet's magic leaks into the air.
The efreet is almost dead.
You chop the efreet into pieces!!!
You kill the efreet!
No target in view!
What level of the Dungeon? (default 1, ? - help)
There is a stone staircase leading up here.
You fly upwards.
There is a stone staircase leading down here.
There is a stone staircase leading up here.
You fly upwards.
There is a stone staircase leading down here.
A blizzard demon comes into view.
The blizzard demon waves its arms in wide circles.
The air twists around and strikes you!
Damage: -4%(-11hp) hp: 70%(201hp)
Aiming: Dig
Press: ? - help, Shift-Dir - straight line, f - you Please select a direction to dig.
This square is covered in magical glow.
The rock shatters into small pieces.
The blizzard demon gestures at you. The freezing blast engulfs you. You resist.
You are engulfed in freezing vapours.
You resist.
The blizzard demon waves its arms in wide circles.
The air twists around and strikes you.
Damage: -1%(-3hp) hp: 70%(199hp)
You are engulfed in freezing vapours.
You resist.
The blizzard demon waves its arms in wide circles.
The air twists around and strikes you.
Damage: -0%(-2hp) hp: 70%(199hp)
There is a staircase leading out of the dungeon here.
The blizzard demon gestures at you.
You have escaped!

###..##### #.## #.#...####. .##..#
##.# #......##.# ..#..##### ###..##
#........## .........## #.....#
#......##.# ..#.......## ##...##
#.#...####.
.##......☼.####..#.(#####..........
###.#.....2#...........#####.####..
....##...#....☼○☼......# #.# #..
##.....#.○.#.⌠☼○☼@...⌠.# #.# ###
#.###...#°#..☼☼☼......# #.##### #.#
##.##.#.○.........# #.....##
##.####.##.##..#####(.## #####...
........##.##...# #...# #.##
........##.##...###...# #.#
......#.##.###...#...## #.#
#...#.#.##.# ##.....######### #.#
.#..#.#.##.######...........# #.#


You could see a blizzard demon.

Vanquished Creatures
  the Royal Jelly (Slime:5)
  3 dread liches (Zot:5)
  6 orbs of fire
  An ancient lich (Zot:5)
  2 juggernauts (Depths:3)
  12 Killer Klowns
  Saint Roka (Vaults:1)
  2 caustic shrikes (Depths:3)
  8 golden dragons
  A curse toe (Zot:5)
  Nikola (Elf:3)
  Norris (Vaults:1)
  Arachne (Spider:3)
  5 electric golems
  A bone dragon (Depths:4)
  A Tzitzimitl (D:10)
  Jorgrun (Shoals:1)
  A hellephant (Zot:1)
  13 tentacled monstrosities
  The ghost of Meic the Bludgeoner, an adept MiFi of Okawaru (Shoals:2)
  25 Orb Guardians
  An Ice Fiend (D:15)
  4 quicksilver dragons
  4 liches
  3 titans
  A deep elf master archer (Elf:3)
  2 deep elf blademasters (Elf:3)
  18 acid blobs
  13 death cobs
  Polyphemus (Shoals:3)
  A kraken (Shoals:2)
  12 storm dragons
  3 tengu reavers
  Gastronok (Lair:2)
  Agnes (Spider:4)
  6 shadow dragons
  Aizul (Spider:4)
  Donald (Spider:3)
  Kirke (Lair:4)
  6 draconian monks
  6 azure jellies
  9 deep elf sorcerers
  14 rockslimes
  2 iron dragons
  9 frost giants
  3 vault wardens
  8 fire giants
  4 emperor scorpions
  2 draconian scorchers
  2 draconian knights
  3 draconian stormcallers
  2 orc warlords
  A cacodemon (D:13)
  2 balrugs
  5 deep elf elementalists (Elf:3)
  5 draconian shifters
  2 pandemonium lords
  2 formless jellyfish
  4 draconian annihilators
  6 ironbound preservers
  10 quicksilver oozes
  24 very ugly things
  10 ghost moths
  A demonspawn corrupter (D:10)
  2 ironbound thunderhulks
  The ghost of croobank the Martial Artist, a journeyman GnSh of Nemelex Xobeh (Lair:5)
  3 war gargoyles (Vaults:1)
  A broodmother (Spider:1)
  3 vampire knights (Depths:3)
  11 stone giants
  4 red draconians
  10 green draconians
  5 deep elf demonologists (Elf:3)
  8 white draconians
  A spark wasp (Spider:4)
  8 black draconians
  A minotaur (Gauntlet)
  6 deep elf annihilators
  3 dire elephants (Vaults:3)
  6 purple draconians
  7 yellow draconians
  7 deep elf death magi (Elf:3)
  8 merfolk impalers
  11 ettins
  3 fire dragons
  3 crystal guardians (Vaults:1)
  4 great orbs of eyes
  3 merfolk javelineers
  4 deep elf high priests
  4 yaktaur captains
  7 entropy weavers
  12 ice dragons
  5 rakshasas
  Josephine (Lair:3)
  6 hydras
  A spriggan air mage (Depths:3)
  2 vault guards
  2 radroaches
  9 centaur warriors
  3 peacekeepers (Vaults:1)
  3 alligator snapping turtles
  A catoblepas (Shoals:3)
  3 ironbound frosthearts
  5 boulder beetles
  2 merfolk aquamancers (Shoals:4)
  Erica (D:9)
  24 dancing weapons
  2 merfolk avatars (Shoals:2)
  7 jorogumos
  8 deep troll shamans
  14 death yaks
  9 two-headed ogres
  A satyr (Shoals:3)
  10 spriggan berserkers
  6 demonic crawlers
  A hell hog (Volcano)
  3 titan zombies
  10 deep troll earth magi
  6 tengu warriors
  23 deep elf knights
  5 orc high priests
  A hell knight (Vaults:1)
  A vampire mage (Depths:4)
  4 sun demons
  A shock serpent (shapeshifter) (D:13)
  6 spriggans
  3 sixfirhies
  13 skysharks
  6 iron trolls
  8 skeletal warriors (D:14)
  10 pharaoh ants
  Lodul (D:13)
  45 deep trolls
  4 sun moths
  11 orb spiders
  A spriggan druid (Depths:1)
  A spark wasp zombie (D:15)
  11 sea snakes
  2 shadow demons (D:10)
  A shadow dragon zombie (D:15)
  A flayed ghost (Depths:3)
  5 glowing orange brains
  An orange crystal statue (IceCv)
  5 deep elf archers
  8 lindwurms
  8 harpies
  8 orc knights
  A tengu zombie (Vaults:2)
  A golden dragon skeleton (Vaults:1)
  Pikel (D:9)
  7 wizards
  23 deep elf pyromancers
  8 steelbarb worms
  4 necromancers
  A phantasmal warrior (D:15)
  7 ironbound convokers
  4 orc sorcerers
  19 cyclopes
  A human zombie (Vaults:1)
  A salamander (Volcano)
  3 oklob plants
  A worldbinder (WizLab)
  2 shining eyes
  17 deep elf zephyrmancers
  23 wolf spiders
  15 manticores
  6 fauns
  36 ugly things
  29 moths of wrath
  A fire giant zombie (D:15)
  2 stone giant zombies (Vaults:2)
  2 stone giant skeletons
  11 merfolk sirens
  14 elephants
  2 human skeletons
  6 black mambas
  5 water nymphs
  Maurice (Orc:2)
  An eye of devastation (Slime:5)
  An orange demon (D:13)
  A torpor snail (shapeshifter) (Depths:2)
  3 molten gargoyles (Lair:5)
  12 cane toads
  13 vault sentinels
  17 torpor snails
  A gargoyle (D:10)
  A smoke demon (Depths:2)
  6 storm dragon simulacra (IceCv)
  4 freezing wraiths
  2 unseen horrors (shapeshifter)
  3 rime drakes
  An efreet (D:3)
  A hellion (Zot:1)
  An ice devil (Gauntlet)
  13 komodo dragons
  15 yaktaurs
  2 guardian mummies (D:14)
  An ancient zyme (WizLab)
  4 golden dragon simulacra (IceCv)
  2 tengu conjurers
  5 meliai
  A hellwing (Depths:2)
  25 tarantellas
  23 merfolk
  10 hornets
  A tengu simulacrum (Vaults:2)
  A wolf spider simulacrum (D:13)
  3 trolls
  3 polar bears
  8 wind drakes
  15 blink frogs
  5 snapping turtles
  10 dream sheep
  A spriggan (shapeshifter) (D:13)
  47 jumping spiders
  17 culicivoras
  71 slime creatures
  4 shadows
  A large abomination (D:9)
  A vampire (D:12)
  A ynoxinul (Zot:1)
  7 wyverns
  6 basilisks
  8 water elementals
  3 fire bats (Volcano)
  A golden eye (shapeshifter) (Vaults:1)
  2 golden eyes (Slime:5)
  29 yaks
  6 hogs (Lair:4)
  4 steam dragons
  5 wraiths
  4 fire elementals
  6 humans (Zot:1)
  62 redbacks
  4 vampire mosquitoes
  A swamp worm (shapeshifter) (Depths:3)
  4 wargs
  3 acid dragons
  12 water moccasins
  3 hell hounds (Lair:5)
  A floating eye (Depths:2)
  2 glowing shapeshifter skeletons
  46 orc warriors
  An ice beast (D:7)
  9 black bears
  2 sky beasts
  13 ogres
  8 ice dragon simulacra (IceCv)
  3 small abominations
  31 wolves
  7 centaurs
  4 boggarts (D:15)
  A phantom (D:5)
  3 kobold brigands
  A lemure (D:9)
  13 bullfrogs
  2 earth elementals (Elf:3)
  2 cyclops zombies (D:12)
  3 scorpions
  A glowing shapeshifter simulacrum (Vaults:2)
  4 wights (D:7)
  3 lindwurm simulacra (IceCv)
  10 killer bees
  5 electric eels
  9 lava snakes
  A gnoll bouda (D:9)
  2 jellies
  4 hounds
  16 orc priests
  Jessica (D:3)
  Ijyb (D:3)
  Terence (D:2)
  3 iguanas
  28 orc wizards
  Robin (D:3)
  10 gnolls
  9 adders
  2 shadow imps
  4 white imps
  An ufetubus (D:7)
  A dart slug (D:4)
  95 orcs
  7 ball pythons
  6 bats
  4 endoplasms
  3 giant cockroaches
  7 hobgoblins
  11 jackals
  2 quokkas (D:1)
  2 frilled lizards (D:2)
  15 goblins
  32 kobolds
  7 rats
  5 tentacles (Shoals:2)
2036 creatures vanquished.

Vanquished Creatures (collateral kills)
  A deep elf master archer (Elf:3)
  An ettin (D:12)
  A spriggan berserker (Depths:3)
  An ugly thing (Depths:3)
  Joseph (D:8)
  A tarantella (Spider:3)
  A slime creature (Slime:5)
  A culicivora (Spider:3)
8 creatures vanquished.

Vanquished Creatures (others)
  A deep elf annihilator (Elf:3)
  An ice dragon (Depths:2)
  A deep elf knight (Elf:3)
  A deep elf zephyrmancer (Elf:1)
  A rime drake (D:13)
  A water elemental (Elf:3)
  A human (Zot:1)
  10 tentacles (Shoals:2)
17 creatures vanquished.

Grand Total: 2061 creatures vanquished

Notes
Turn   | Place    | Note
-------+----------+-------------------------------------------
     0 | D:1      | RepHenryClay the Hill Orc Fighter began the quest for the
                  | Orb.
     0 | D:1      | Reached XP level 1. HP: 19/19 MP: 1/1
   111 | D:1      | Reached XP level 2. HP: 20/26 MP: 2/2
   738 | D:2      | Reached XP level 3. HP: 31/31 MP: 3/3
   749 | D:2      | Reached skill level 5 in Axes
   969 | D:2      | Found a faded altar of an unknown god.
  1162 | D:2      | Reached XP level 4. HP: 39/39 MP: 4/4
  1395 | D:2      | Noticed Terence
  1408 | D:2      | Killed Terence
  1544 | D:3      | Reached XP level 5. HP: 45/45 MP: 5/5
  1733 | D:3      | Noticed Robin
  1748 | D:3      | Killed Robin
  1796 | D:3      | Found a hazy altar of Hepliaklqana.
  1796 | D:3      | Found a blossoming altar of Fedhas.
  1796 | D:3      | Noticed Ijyb
  1798 | D:3      | Paralysed by Ijyb for 4 turns
  1810 | D:3      | Killed Ijyb
  1865 | D:3      | Reached XP level 6. HP: 41/51 MP: 6/6
  2012 | D:3      | Noticed Jessica
  2022 | D:3      | Killed Jessica
  2612 | D:4      | Reached XP level 7. HP: 48/57 MP: 7/7
  2623 | D:4      | Reached skill level 10 in Axes
  3232 | D:5      | Entered Level 5 of the Dungeon
  3232 | D:5      | Found a radiant altar of Vehumet.
  3320 | D:5      | Reached XP level 8. HP: 38/64 MP: 8/8
  4896 | D:6      | Found a sacrificial altar of Ru.
  5396 | D:7      | Reached XP level 9. HP: 45/72 MP: 9/9
  5464 | D:7      | Reached skill level 5 in Fighting
  5649 | D:7      | Reached skill level 5 in Armour
  5649 | D:7      | Reached skill level 5 in Shields
  5744 | D:7      | Found a flagged portal.
  5808 | D:7      | Upgraded the game from 0.31-a0-865-g3d5d91748a to
                  | 0.31-a0-868-g674d60d6f7
  5859 | Bailey   | Entered a bailey
  6488 | Bailey   | Noticed an orc knight
  6502 | Bailey   | Reached XP level 10. HP: 47/84 MP: 10/10
  6502 | Bailey   | Killed an orc knight
  6503 | Bailey   | Reached skill level 15 in Axes
  6891 | D:7      | Found a staircase to the Ecumenical Temple.
  7113 | Temple   | Entered the Ecumenical Temple
  7133 | Temple   | Became a worshipper of Gozag Ym Sagoz the Greedy
  7604 | D:8      | Noticed a two-headed ogre
  7620 | D:8      | Killed a two-headed ogre
  8142 | D:8      | Noticed Joseph
  8151 | D:8      | Killed Joseph
  8330 | D:8      | Found a runed translucent door.
  8597 | D:8      | Found a runed translucent gate.
  8597 | D:8      | Found a runed translucent gate.
  8597 | D:8      | Found a runed translucent gate.
  8597 | D:8      | Found a runed translucent gate.
  8597 | D:8      | Found a runed translucent gate.
  8597 | D:8      | Noticed a boulder beetle
  8616 | D:8      | Found a runed translucent gate.
  8616 | D:8      | Noticed a lindwurm
  8617 | D:8      | Noticed a boulder beetle
  8759 | D:9      | Found an ornate altar of the Wu Jian Council.
  8805 | D:9      | Reached skill level 1 in Throwing
  8812 | D:9      | Reached XP level 11. HP: 88/97 MP: 11/11
  8886 | D:9      | Noticed Erica
  9226 | D:9      | Noticed a two-headed ogre
  9243 | D:9      | Killed a two-headed ogre
  9476 | D:9      | Noticed Pikel
  9487 | D:9      | Killed Pikel
  9526 | D:9      | Killed Erica
  9527 | D:9      | Reached skill level 10 in Fighting
  9593 | D:10     | Entered Level 10 of the Dungeon
 10101 | D:10     | Found a staircase to the Lair.
 10402 | D:10     | Found a glowing silver altar of Zin.
 10403 | D:10     | You fall into a shaft and drop 2 floors!
 10472 | D:12     | Reached skill level 10 in Armour
 10519 | D:12     | Noticed a brown ugly thing
 10529 | D:12     | Killed a brown ugly thing
 10834 | D:10     | Noticed a two-headed ogre
 10843 | D:10     | Killed a two-headed ogre
 10979 | D:10     | Found Ymidi's Weapon Shop.
 10987 | D:10     | Bought a +0 broad axe for 44 gold pieces
 11059 | D:10     | Found a staircase to the Orcish Mines.
 11446 | Orc:1    | Entered Level 1 of the Orcish Mines
 11492 | Orc:1    | Noticed an orc warlord
 11619 | D:10     | Killed an orc warlord
 11620 | D:10     | Reached XP level 12. HP: 71/110 MP: 12/12
 11911 | Orc:2    | Entered Level 2 of the Orcish Mines
 11940 | Orc:2    | Found a transporter.
 11946 | Orc:2    | Found Ajoimm's Antique Weapon Shoppe.
 11948 | Orc:2    | Found a transporter.
 12116 | Orc:2    | Noticed an orc high priest
 12130 | Orc:2    | Killed an orc high priest
 12576 | Orc:1    | Found Lycs's Gadget Gallery.
 12603 | Orc:1    | Reached skill level 5 in Dodging
 13046 | Orc:2    | Found a staircase to the Elven Halls.
 13733 | Orc:2    | Found a transporter.
 13733 | Orc:2    | Found Ajoimm's Antique Weapon Shoppe.
 13852 | Orc:2    | Found a staircase to the Elven Halls.
 14091 | Orc:2    | Noticed Maurice
 14098 | Orc:2    | Something stole a phantom mirror
 14100 | Orc:2    | Killed Maurice
 14109 | Orc:2    | Noticed an orc high priest
 14126 | Orc:2    | Noticed a soul eater
 14136 | Orc:2    | Killed an orc high priest
 14389 | Orc:2    | Noticed an orc high priest
 14414 | Orc:2    | Killed an orc high priest
 15376 | Orc:2    | Noticed an orc high priest
 15401 | Orc:2    | Killed an orc high priest
 15439 | Orc:2    | Found Ytaif's Armour Boutique.
 15439 | Orc:2    | Found Atatzo's Jewellery Emporium.
 15441 | Orc:2    | Found Arghemafi's Armour Boutique.
 15441 | Orc:2    | Found Uninik's Jewellery Emporium.
 15452 | Orc:2    | Bought the ring "Iguleh" {rF+ Str-2 Dex+2 Slay+3 SInv} for
                  | 665 gold pieces
 15522 | Orc:1    | Bought a condenser vane for 520 gold pieces
 15667 | D:11     | Reached XP level 13. HP: 119/122 MP: 13/13
 17395 | D:12     | Noticed an ettin
 17658 | D:12     | Killed an ettin
 17832 | D:12     | Found Waowk's Antique Armour Emporium.
 18055 | D:12     | Noticed an ettin
 18055 | D:12     | Noticed a stone giant
 18069 | D:12     | Killed a stone giant
 18070 | D:12     | Killed an ettin
 18080 | D:12     | Reached skill level 15 in Fighting
 18092 | D:12     | Identified the +7 mace "Bibasink" {drain, Fly rC- Str+6}
 18093 | D:12     | Identified the +6 great sword of Bodily Humours {spect,
                  | Will+ Str+5 Dex+2}
 18819 | Lair:1   | Entered Level 1 of the Lair of Beasts
 19132 | Lair:1   | Found a dark tunnel.
 19138 | Volcano  | Entered a volcano
 19183 | Volcano  | Reached XP level 14. HP: 129/136 MP: 14/14
 20302 | Lair:2   | Noticed Gastronok
 20313 | Lair:2   | Killed Gastronok
 20518 | Lair:2   | Reached skill level 15 in Armour
 20711 | Lair:2   | Identified the +1 scale mail of the Butcher {rC+ rN++ MP-9}
 20983 | Lair:2   | Found a staircase to the Shoals.
 21180 | Lair:3   | Found a gate leading to a gauntlet.
 21189 | Gauntlet | Entered a Gauntlet
 21189 | Gauntlet | Found a transporter.
 21189 | Gauntlet | Found a transporter.
 21189 | Gauntlet | Found a large runed translucent door.
 21189 | Gauntlet | Found a large runed translucent door.
 21189 | Gauntlet | Found a large runed translucent door.
 21189 | Gauntlet | Found a large runed translucent door.
 21189 | Gauntlet | Found a large runed translucent door.
 21189 | Gauntlet | Found a large runed translucent door.
 21189 | Gauntlet | Found a runed translucent door.
 21189 | Gauntlet | Found a runed translucent door.
 21189 | Gauntlet | Found a large runed translucent door.
 21189 | Gauntlet | Found a large runed translucent door.
 21189 | Gauntlet | Found a large runed translucent door.
 21189 | Gauntlet | Found a large runed translucent door.
 21189 | Gauntlet | Found a large runed translucent door.
 21189 | Gauntlet | Found a large runed translucent door.
 21193 | Gauntlet | Found a transporter.
 21193 | Gauntlet | Found a transporter.
 21194 | Gauntlet | Found a large runed translucent door.
 21194 | Gauntlet | Found a large runed translucent door.
 21194 | Gauntlet | Found a large runed translucent door.
 21194 | Gauntlet | Found a large runed translucent door.
 21197 | Gauntlet | Noticed a reaper
 21198 | Gauntlet | Found a runed translucent gate.
 21198 | Gauntlet | Found a runed translucent gate.
 21198 | Gauntlet | Found a runed translucent gate.
 21203 | Gauntlet | Found a transporter.
 21213 | Gauntlet | Found a transporter.
 21213 | Gauntlet | Found a transporter.
 21218 | Gauntlet | Found a transporter.
 21247 | Gauntlet | Found a transporter.
 21254 | Gauntlet | Found a transporter.
 21282 | Gauntlet | Found a transporter.
 21328 | Gauntlet | Found a transporter.
 21346 | Gauntlet | Found a transporter.
 21432 | Gauntlet | Found a transporter.
 21446 | Gauntlet | Found a transporter.
 21464 | Gauntlet | Found a transporter.
 21678 | Gauntlet | Identified the +0 pair of gloves "Luenutru" {Dex+5}
 21721 | Gauntlet | Identified the +1 robe of Lugonu's Regard {*Corrode rPois
                  | rC+ Will+++}
 21947 | Lair:3   | Noticed Josephine
 21958 | Lair:3   | Killed Josephine
 21968 | Lair:3   | Found a hole to the Spider Nest.
 22723 | Lair:4   | Noticed Kirke
 22843 | Lair:4   | Noticed a sphinx
 22856 | Lair:4   | Killed Kirke
 23350 | Lair:5   | Entered Level 5 of the Lair of Beasts
 23869 | Lair:5   | Reached XP level 15. HP: 132/147 MP: 15/15
 24090 | Lair:5   | Reached XP level 16. HP: 131/155 MP: 16/16
 24091 | Lair:5   | Reached XP level 17. HP: 138/162 MP: 17/17
 24484 | Lair:5   | Found a large runed translucent door.
 24488 | Lair:5   | Found a large runed translucent door.
 24965 | Lair:5   | Found a staircase to the Slime Pits.
 24982 | Lair:5   | Found a viscous altar of Jiyva.
 25408 | D:8      | Reached skill level 1 in Evocations
 25443 | D:8      | Identified the amulet of Pantheism {Acrobat rC- Int+3
                  | Slay+3 SInv}
 26132 | D:13     | Found a gate to the Vaults.
 26298 | D:13     | Got the +0 broad axe of Mopsoqy {freeze, rN+ Str-5 Dex+3}
 26750 | D:13     | Identified the +6 flail of Uret {chaos, rElec rC+ Dex+4}
 26834 | D:13     | Noticed Lodul
 26850 | D:13     | Killed Lodul
 28164 | D:14     | Identified the +7 mace "Jugoyfel" {flame, Fly rC+ Dex+3
                  | SInv}
 28334 | D:14     | Reached skill level 5 in Evocations
 28579 | D:15     | Entered Level 15 of the Dungeon
 28711 | D:15     | Found a staircase to the Depths.
 28916 | D:15     | Found an ancient bone altar of Kikubaaqudgha.
 29434 | Spider:1 | Entered Level 1 of the Spider Nest
 30130 | Spider:1 | Reached XP level 18. HP: 158/176 MP: 18/18
 32092 | Spider:2 | Identified the +3 great sword of Pyhung {pain, Int+4}
 33169 | Spider:3 | Noticed Arachne
 33233 | Spider:3 | Found a frozen archway.
 33241 | IceCv    | Entered an ice cave
 34549 | IceCv    | Noticed a golden dragon
 34571 | IceCv    | Killed a golden dragon
 34902 | IceCv    | Identified the ring of the Stained God {rPois rN+ rCorr
                  | Int+4 Dex-5}
 34916 | IceCv    | Identified the ring "Owotumpa" {Fly Int+6}
 35003 | Spider:3 | Killed Arachne
 35799 | Spider:2 | Gained mutation: You are clumsy. (Dex -2) [mutagenic glow]
 36709 | Spider:3 | Noticed Donald
 37166 | Spider:3 | Killed Donald
 37881 | Spider:4 | Entered Level 4 of the Spider Nest
 38300 | Spider:4 | Reached XP level 19. HP: 161/182 MP: 19/19
 38769 | Spider:4 | Identified a scroll of acquirement
 38770 | Spider:4 | Acquired a manual of Fighting
 38913 | Spider:4 | Noticed Agnes
 38926 | Spider:4 | Killed Agnes
 39265 | Spider:4 | Identified the +9 dagger of the Jumping Visionary {speed,
                  | rElec SInv}
 40435 | Spider:4 | Noticed Aizul
 40463 | Spider:4 | Killed Aizul
 40887 | Spider:4 | Got a gossamer rune of Zot
 41372 | Shoals:1 | Entered Level 1 of the Shoals
 41406 | Shoals:1 | Noticed Jorgrun
 41419 | Shoals:1 | Killed Jorgrun
 41510 | Shoals:1 | Found Heog's Magic Scroll Emporium.
 41521 | Shoals:1 | Bought a scroll of brand weapon for 114 gold pieces
 41521 | Shoals:1 | Bought a scroll of enchant armour for 90 gold pieces
 42187 | Shoals:1 | Found Qucryj's Weapon Emporium.
 42199 | Shoals:1 | Bought a +2 broad axe of draining for 364 gold pieces
 43047 | Shoals:2 | Found a runed translucent door.
 43047 | Shoals:2 | Noticed Meic's ghost (adept MiFi)
 43144 | Shoals:2 | Killed Meic's ghost
 43147 | Shoals:2 | Identified the +1 pair of gloves of Autotheism {Str+3}
 44340 | Shoals:3 | Noticed Polyphemus
 44379 | Shoals:3 | Reached XP level 20. HP: 183/213 MP: 20/20
 44559 | Shoals:3 | Killed Polyphemus
 45570 | Shoals:4 | Entered Level 4 of the Shoals
 45849 | Vaults:1 | Entered Level 1 of the Vaults
 46229 | Vaults:1 | Bought a runed cloak for 330 gold pieces
 46229 | Vaults:1 | Bought a glowing helmet for 330 gold pieces
 46229 | Vaults:1 | Bought a fine buckler for 418 gold pieces
 46229 | Vaults:1 | Identified the +3 buckler of Histrionic Birdsong {-Tele
                  | rElec Will- Str+8} (You bought it in a shop on level 1 of
                  | the Vaults)
 46255 | Vaults:1 | Bought a scroll of teleportation for 78 gold pieces
 46257 | Vaults:1 | Bought a heavily runed cloak for 266 gold pieces
 46257 | Vaults:1 | Identified the +0 cloak of the Nexus {Str+3 Dex+3} (You
                  | bought it in a shop on level 1 of the Vaults)
 46261 | Vaults:1 | Bought the ring "Itain" {rPois Will++ Str+6} for 856 gold
                  | pieces
 46358 | Vaults:1 | Paralysed by a formless jellyfish for 1 turns
 46733 | Vaults:1 | Noticed Norris
 46751 | Vaults:1 | Reached skill level 27 in Fighting
 46840 | Vaults:1 | Killed Norris
 46931 | Vaults:1 | Identified the +2 leather armour "Len Rapp" {*Corrode Will+
                  | Slay+3}
 47001 | Vaults:1 | You are sucked into a shaft and drop 1 floor!
 47002 | Vaults:2 | Found a magical portal.
 47026 | WizLab   | Entered The Roulette of Golubria
 47026 | WizLab   | Found a transporter.
 47029 | WizLab   | Found a corrupted altar of Lugonu.
 47057 | WizLab   | Found a transporter.
 47488 | Vaults:1 | Noticed Saint Roka
 47727 | Vaults:1 | Killed Saint Roka
 48801 | Vaults:1 | Reached skill level 10 in Evocations
 50509 | Vaults:2 | Reached XP level 21. HP: 224/224 MP: 21/21
 50908 | Vaults:3 | Found a staircase to the Crypt.
 50908 | Vaults:3 | Found a basalt altar of Yredelemnul.
 50908 | Vaults:3 | Found an ancient bone altar of Kikubaaqudgha.
 52173 | Vaults:3 | Found Oheyfoos's Book Boutique.
 53074 | Elf:1    | Entered Level 1 of the Elven Halls
 53333 | Elf:1    | Found a bloodstained altar of Trog.
 53836 | Elf:1    | Found a radiant altar of Vehumet.
 54833 | Elf:2    | Found Qungizes's Antique Armour Boutique.
 54835 | Elf:2    | Found Duxuim's Magic Scroll Shop.
 54837 | Elf:2    | Found Raylifuxuck's Magic Scroll Boutique.
 54902 | Elf:2    | Bought a scroll of blinking for 112 gold pieces
 54902 | Elf:2    | Bought a scroll of teleportation for 45 gold pieces
 54919 | Elf:2    | Bought a scroll of blinking for 157 gold pieces
 55050 | Elf:2    | Found a huge runed translucent gate.
 55050 | Elf:2    | Found a huge runed translucent gate.
 55050 | Elf:2    | Found a huge runed translucent gate.
 55050 | Elf:2    | Found a huge runed translucent gate.
 55054 | Elf:2    | Found a huge runed translucent gate.
 55489 | Elf:2    | Learned a level 2 spell: Blink
 55492 | Elf:2    | Learned a level 2 spell: Lesser Beckoning
 55961 | Elf:2    | Reached skill level 10 in Dodging
 57124 | Elf:3    | Entered Level 3 of the Elven Halls
 57160 | Elf:2    | Found an ancient bone altar of Kikubaaqudgha.
 57952 | Shoals:4 | Got a barnacled rune of Zot
 58153 | Shoals:4 | Reached XP level 22. HP: 233/233 MP: 22/22
 58409 | Shoals:4 | Found Yzev's Antique Armour Emporium.
 58416 | Shoals:4 | Bought an embroidered hat for 259 gold pieces
 59851 | Depths:1 | Entered Level 1 of the Depths
 60484 | Shoals:4 | Bought the +3 pair of gauntlets of War {Slay+5} for 1757
                  | gold pieces
 60484 | Shoals:4 | Found the +3 pair of gauntlets of War {Slay+5}
 60912 | Depths:1 | Found a gateway to Hell.
 61393 | Depths:1 | Found Aziurgham's Armour Shoppe.
 61393 | Depths:1 | Found Comoah's General Store.
 61419 | Depths:1 | Found Sain's Weapon Emporium.
 61555 | Depths:1 | Found Wownot's Antique Weapon Shoppe.
 62627 | Depths:1 | Found Ugeo's One-of-a-Kind Rings.
 62938 | Depths:1 | You are sucked into a shaft and drop 1 floor!
 63561 | Depths:2 | Found a one-way gate leading to the halls of Pandemonium.
 63813 | Depths:2 | Reached skill level 10 in Shields
 64036 | Depths:2 | Paralysed by a floating eye for 3 turns
 64901 | Depths:2 | Found a runed translucent door.
 65226 | Depths:3 | Found Jirif's Antique Weapon Shop.
 65227 | Depths:3 | Found a one-way gate to the infinite horrors of the Abyss.
 65528 | Depths:3 | Noticed a caustic shrike
 65543 | Depths:3 | Killed a caustic shrike
 65544 | Depths:3 | Reached XP level 23. HP: 137/240 MP: 23/23
 66060 | Depths:3 | Found an ancient bone altar of Kikubaaqudgha.
 66095 | Depths:3 | Got an ancient book
 66194 | Depths:3 | Noticed a juggernaut
 66203 | Depths:3 | Noticed a golden dragon
 66213 | Depths:3 | Killed a juggernaut
 66232 | Depths:3 | Killed a golden dragon
 66425 | Depths:3 | Noticed a caustic shrike
 66442 | Depths:3 | Killed a caustic shrike
 66802 | Depths:3 | Reached skill level 15 in Shields
 68172 | Depths:3 | Found an ancient bone altar of Kikubaaqudgha.
 68641 | Depths:3 | Found Jirif's Antique Weapon Shop.
 68642 | Depths:3 | Found a one-way gate to the infinite horrors of the Abyss.
 68733 | Depths:4 | Entered Level 4 of the Depths
 68733 | Depths:4 | Noticed a juggernaut
 68751 | Depths:3 | Killed a juggernaut
 69438 | Depths:4 | Found Xorept's Pet Rocks.
 69568 | Depths:4 | Found an opulent altar of Gozag.
 69611 | Depths:4 | Found a one-way gateway to a ziggurat.
 70758 | Depths:4 | Found a gate to the Realm of Zot.
 70769 | Depths:4 | Found a gate to the Realm of Zot.
 70808 | Depths:4 | Found a one-way gateway to a ziggurat.
 70923 | Depths:4 | Found Xorept's Pet Rocks.
 70958 | Depths:4 | Found an opulent altar of Gozag.
 72064 | Elf:3    | Noticed Nikola
 72073 | Elf:3    | Killed Nikola
 72305 | Elf:3    | Reached XP level 24. HP: 84/244 MP: 23/23
 73196 | Elf:3    | Identified the +3 leather armour "Pocseam" {Stlth+}
 73609 | Elf:3    | Identified the +4 morningstar of Demonkind {protect,
                  | Fragile rC+ Str+3 Int+5}
 73865 | Elf:3    | Got a dog-eared book
 73869 | Elf:3    | Found the +3 greatsling "Punk" {acid, rCorr}
 73870 | Elf:3    | Identified the +1 helmet "Inkeamytt" {Will+++ rCorr Str+3
                  | Dex-4}
 73941 | Elf:3    | Identified the +8 falchion of Moral Flaws {heavy, +Blink
                  | rCorr Dex-4 SInv}
 73947 | Elf:3    | Got a mumbling book
 73947 | Elf:3    | Identified the +1 hand axe "Nimel" {flame, Will+}
 73967 | Elf:3    | Identified the +5 hand axe "Assoujedee" {flame, Int+3}
 74025 | Elf:3    | Identified the +0 scale mail of the Eternal Void {Int+5}
 74441 | Vaults:1 | Bought a masterwork morningstar for 270 gold pieces
 74441 | Vaults:1 | Identified the +6 morningstar "Cairaz" {spect, rN+ Str+3
                  | Int+3} (You bought it in a shop on level 1 of the Vaults)
 74443 | Vaults:1 | Bought a scroll of acquirement for 884 gold pieces
 74443 | Vaults:1 | Acquired a manual of Dodging
 74451 | Vaults:1 | Upgraded the game from 0.31-a0-868-g674d60d6f7 to
                  | 0.31-a0-875-g02e7d12df6
 75308 | Lair:5   | Found a runed translucent door.
 75309 | Lair:5   | Found a shimmering altar of Xom.
 75309 | Lair:5   | Noticed croobank's ghost (journeyman GnSh)
 75327 | Lair:5   | Identified the ring "Meaprorch" {rElec Will+ EV+5 Dex+3}
 75360 | Lair:5   | Killed croobank's ghost
 75364 | Lair:5   | Identified the +4 spear of Destiny {heavy, *Slow rCorr
                  | Dex+3}
 76319 | Slime:1  | Entered Level 1 of the Pits of Slime
 77692 | Slime:4  | Reached skill level 15 in Dodging
 77872 | Slime:5  | Entered Level 5 of the Pits of Slime
 77963 | Slime:5  | Gained mutation: You occasionally shout uncontrollably at
                  | your foes. [a shining eye]
 78394 | Slime:5  | Noticed the Royal Jelly
 78412 | Slime:5  | Killed the Royal Jelly
 78771 | Slime:5  | Identified the ring "Hiow" {MP+9 Int+5 Dex+3 SInv}
 78800 | Slime:5  | Identified the ring "Toirph" {rCorr Dex+3}
 78817 | Slime:5  | Identified the staff of Infinite Pain {rPois Str+2 Poison}
 78822 | Slime:5  | Identified the +1 pair of gloves "Ethriew" {rElec rN+}
 78874 | Slime:5  | Identified the +7 war axe of Niqolaox {flame, MP+9 Str+3
                  | Dex+2}
 78881 | Slime:5  | Identified the +2 falchion "Gaum" {heavy, Will++}
 78893 | Slime:5  | Identified the +11 quarterstaff of Inflation {distort,
                  | +Blink rCorr Int-4 Dex+7}
 78894 | Slime:5  | Identified the staff "Aqimun" {rC+ rN+ Stlth+ Ice}
 78896 | Slime:5  | Got a slimy rune of Zot
 78943 | Slime:5  | Paralysed by a formless jellyfish for 1 turns
 79939 | Zot:1    | Entered Level 1 of the Realm of Zot
 80115 | Zot:1    | Reached XP level 25. HP: 148/257 MP: 23/23
 81856 | Zot:1    | Noticed a Killer Klown
 81857 | Zot:1    | Noticed a Killer Klown
 81857 | Zot:1    | Noticed a Killer Klown
 81873 | Zot:1    | Noticed a Killer Klown
 81884 | Zot:1    | Noticed a Killer Klown
 82393 | Vaults:1 | Bought a scroll of enchant weapon for 127 gold pieces
 82660 | Zot:1    | Killed a Killer Klown
 82792 | Zot:1    | Found the +8 storm bow {elec, penet}
 82868 | Zot:1    | Killed a Killer Klown
 82983 | Zot:1    | Killed a Killer Klown
 83234 | Zot:1    | Killed a Killer Klown
 83416 | Zot:1    | Killed a Killer Klown
 84209 | Zot:2    | Noticed an orb of fire
 84215 | Zot:2    | Gained mutation: You sometimes lose your temper in combat.
                  | [an orb of fire]
 84238 | Zot:1    | Killed an orb of fire
 84239 | Zot:1    | Reached skill level 15 in Evocations
 84242 | Zot:1    | Lost mutation: You sometimes lose your temper in combat.
                  | [potion of mutation]
 84242 | Zot:1    | Lost mutation: You occasionally shout uncontrollably at
                  | your foes. [potion of mutation]
 84242 | Zot:1    | Lost mutation: You are clumsy. (Dex -2) [potion of
                  | mutation]
 84242 | Zot:1    | Gained mutation: A frigid envelope surrounds you and
                  | freezes all who hurt you. [potion of mutation]
 84242 | Zot:1    | Gained mutation: You are robust. (+10% HP) [potion of
                  | mutation]
 84242 | Zot:1    | Gained mutation: Your mind is acute. (Int +4, Str/Dex -1)
                  | [potion of mutation]
 85920 | Zot:3    | Found a transporter.
 86095 | Zot:3    | Noticed an orb of fire
 86108 | Zot:3    | Killed an orb of fire
 86323 | Zot:3    | Found a runed translucent door.
 86323 | Zot:3    | Noticed Tiejaxt's ghost (master TeAE)
 86397 | Zot:3    | Found a transporter.
 86530 | Zot:3    | Reached skill level 27 in Armour
 86655 | Zot:3    | Identified the amulet of Ruytzeamp {Spirit +Inv rPois
                  | Regen+ Slay-3}
 86668 | Zot:3    | Identified the amulet "Noliutia" {Faith Regen+ rCorr Str+7
                  | Dex-3}
 87031 | Zot:4    | Identified the +8 halberd of Gozag, Glimmering {chaos,
                  | *Rage rElec rC+ rCorr}
 87968 | Zot:5    | Entered Level 5 of the Realm of Zot
 88086 | Zot:4    | Reached XP level 26. HP: 169/292 MP: 7/23
 88671 | Zot:5    | Noticed a dread lich
 88685 | Zot:5    | Killed a dread lich
 89050 | Zot:5    | Acquired a manual of Evocations
 89245 | Zot:5    | Noticed a dread lich
 89247 | Zot:5    | Noticed a Killer Klown
 89275 | Zot:4    | Killed a Killer Klown
 90403 | Zot:5    | Killed a dread lich
 90978 | Zot:5    | Noticed a Killer Klown
 90988 | Zot:5    | Killed a Killer Klown
 91474 | Zot:5    | Noticed an orb of fire
 91474 | Zot:5    | Noticed an ancient lich
 91476 | Zot:5    | Noticed a Killer Klown
 91479 | Zot:5    | Noticed a Killer Klown
 91491 | Zot:5    | Noticed a Killer Klown
 91495 | Zot:5    | Noticed a dread lich
 91498 | Zot:5    | Noticed an orb of fire
 91546 | Zot:4    | Killed an orb of fire
 91759 | Zot:5    | Killed an ancient lich
 91886 | Zot:5    | Killed a Killer Klown
 91937 | Zot:5    | Gained mutation: Your magical capacity is low. (-10% MP)
                  | [an orb of fire]
 91952 | Zot:5    | Killed an orb of fire
 92033 | Zot:5    | Noticed an orb of fire
 92047 | Zot:5    | Killed a Killer Klown
 92061 | Zot:5    | Killed an orb of fire
 92076 | Zot:5    | Noticed a Killer Klown
 92095 | Zot:5    | Killed a dread lich
 92164 | Zot:5    | Noticed a Killer Klown
 92178 | Zot:5    | a Killer Klown changed into a rockslime
 92218 | Zot:5    | Noticed a Killer Klown
 92230 | Zot:5    | Killed a Killer Klown
 92441 | Zot:5    | Killed a Killer Klown
 92483 | Zot:5    | Killed a Killer Klown
 92689 | Zot:5    | Noticed an orb of fire
 92700 | Zot:5    | Gained mutation: Your body sometimes deteriorates upon
                  | taking damage. [an orb of fire]
 92701 | Zot:5    | Gained mutation: Armour fits poorly on your strangely
                  | shaped body. [an orb of fire]
 92713 | Zot:5    | Killed an orb of fire
 92864 | Zot:5    | Reached XP level 27. HP: 241/300 MP: 6/20
 93840 | Zot:5    | Got the Orb of Zot
 93928 | Zot:2    | Noticed Erao the pandemonium lord
 93933 | Zot:1    | Noticed Ogac Myi the pandemonium lord
 93951 | Zot:1    | Killed Ogac Myi the pandemonium lord
 94051 | Depths:3 | Noticed a seraph
 94147 | D:14     | Noticed Tukoick the pandemonium lord
 94174 | D:13     | Killed Tukoick the pandemonium lord
 94509 | D:$      | Escaped with the Orb!

Illustrated notes

Levels and vault maps discovered:
D:1:      dpeg_arrival_arbitrary_c, layout_loops_ring, nicolae_titane
D:2:      layout_loops_ring, serial_aquarium, aquarium_bridge_straight
          [aquarium_subvault_bridge, aquarium_subvault_window,
          aquarium_subvault_bridge, aquarium_subvault_wall],
          aquarium_window_fake, aquarium_window_1, aquarium_window_corner,
          aquarium_view_2d, aquarium_view_2d, ebering_ecumenical_altar_box,
          lexackson_kobold_supper, uniq_terence
D:3:      layout_rooms, amethyst_overflow_temple_binary, cheibrodos_gnoll_hut,
          uniq_robin, uniq_ijyb, uniq_jessica
D:4:      minmay_polygon_palace, layout_rooms
D:5:      layout_basic, nicolae_vehumet_radiance, minmay_misc_feat_ornament
D:6:      layout_basic, nicolae_ru_path_of_blood,
          chequers_serial_rivers_small_a, minmay_misc_feat_plants
D:7:      layout_loops_ring, minmay_temple_entry_enclosed_plants, enter_bailey_8
D:8:      gammafunk_indiana_jones, layout_loops_ring, serial_bayou_lake_a,
          uniq_joseph
D:9:      layout_cave_pools, kennysheep_little_box, uniq_pikel, uniq_erica
D:10:     layout_stronghold, mainiacjoe_overflow_small_starburst,
          dpeg_oklobed_lair, david_orc_4, serial_shops, shop
D:11:     layout_long_grid, serial_co_window_serial, co_window_paths_a,
          co_window_paths_a, co_window_paths_b, co_window_cross_1,
          co_window_corner_a, co_window_2corner, co_window_unsneaky_path_d,
          co_window_corner_b, glass_columns_c, glass_columns_c, glass_columns_b,
          glass_columns_c
D:12:     giant_chief_lemuel, layout_loops_ring, serial_shops,
          nicolae_shop_hallway_plus, kennysheep_decorative_pillar
D:13:     minmay_coctagon, layout_basic, david_vaults_2, hangedman_decor_push,
          uniq_lodul
D:14:     layout_cave_pools, kennysheep_doodads
D:15:     gammafunk_depths_entry_grave, layout_rooms,
          nicolae_kikubaaqudgha_miasma_corner
Temple:   lightli_temple_of_artemis
Lair:1:   layout_cave_pods, nicolae_volcano_entry_s_turn,
          infiniplex_staircase_pool_2
Lair:2:   layout_regular_city, elwin_shoals_entry_rooms, uniq_gastronok
Lair:3:   layout_roguey, spider_nest_entry_rubble, gauntlet_entry_generic,
          serial_bayou_shore_b, uniq_josephine
Lair:4:   layout_roguey, uniq_kirke
Lair:5:   cheibrodos_lair_end_hotspot, layout_hall_layers,
          minmay_slime_entry_oklob_open, ebering_ghost_xom,
          pdpol_lair_cavern_descent
Shoals:1: layout_shoals, serial_shops, nicolae_shop_bloodbath_and_beyond,
          nicolae_shoals_c_island, uniq_jorgrun
Shoals:2: layout_shoals, gammafunk_ghost_grave
Shoals:3: layout_shoals, uniq_polyphemus
Shoals:4: shoals_end_grunt_ice, layout_shoals, serial_shops,
          nicolae_shop_rolling_square
Spider:1: layout_spider_delve, nicolae_spider_jagged_tunnels
Spider:2: layout_spider_delve, hangedman_spider_trapstep
Spider:3: layout_cave_pods, portal_ice_cave_entry_pillars_2, uniq_arachne,
          uniq_donald
Spider:4: johnstein_spider_rune_arachne_lair, uniq_agnes, uniq_aizul
Slime:1:  nicolae_slime_pool, layout_caves
Slime:2:  layout_caves, basic_altar
Slime:3:  layout_caves
Slime:4:  layout_caves
Slime:5:  slime_pit_nicolae_jellycorners
Orc:1:    layout_caves, nicolae_shop_gadgets
Orc:2:    grunt_orc_tribal_feast, layout_diamond_mine, serial_shops,
          nicolae_shop_drivethru, uniq_maurice
Elf:1:    minmay_elf_arrival_circle, layout_onion_city, basic_altar,
          minivault_24, evilmike_spriggan_trog_shrine
Elf:2:    elven_hall_of_blades_hangedman_alternative [grunt_blade_entry_basic],
          layout_geoelf_diagonals, minmay_shop_star, lemuel_upstairs_altar
Elf:3:    minmay_elf_hall_hex, layout_loops_corners, uniq_nikola
Vaults:1: nicolae_vaults_yaktaur_gun_rack, nicolae_vaults_specimen_jars,
          nicolae_vaults_tetromino_L_1, v_misc_12, v_misc_25,
          ontoclasm_vaults_ligature, hangedman_vaults_slice, serial_ice_g,
          nicolae_vaults_apartment_2, nicolae_vaults_whirlpool_walls,
          nicolae_vaults_trapezoid_1, layout_vaults_ring, uniq_saint_roka,
          uniq_norris
Vaults:2: lightli_enter_wizlab_magi_temple, nicolae_vaults_double_plus_3,
          nicolae_vaults_tetromino_L_2, nicolae_vaults_house_2,
          nicolae_vaults_circle_grid_a, vaults_room_fancy_cross,
          vaults_mumra_chevron, nicolae_vaults_apartment_2,
          nicolae_vaults_house_3, layout_vaults_omnigrid
Vaults:3: minmay_crypt_entry_necro_gods, v_misc_17, vaults_room_pools,
          ontoclasm_vaults_claustrophobia, nicolae_vaults_storage_room_doors,
          nicolae_vaults_little_squares_6, vaults_room_corners,
          grunt_vaults_swirl, v_misc_15, nicolae_vaults_little_squares_5,
          layout_vaults_big_room, serial_shops, nicolae_shop_tiny_statue_garden
Vaults:4: nicolae_vaults_what_the_h, nicolae_vaults_murderbox,
          nicolae_vaults_diamond_1, v_rooms_6, dpeg_vaults_monster_box,
          nicolae_vaults_apartment_2, serial_ice_g,
          nicolae_vaults_ring_of_whatevers, nicolae_vaults_shrinking_rooms_1,
          nicolae_vaults_little_squares_3, nicolae_vaults_tetromino_T_2,
          grunt_vaults_diagonal, layout_vaults_maze_snakey
Depths:1: layout_honeycomb, corexii_hall_statues_deadend,
          grunt_hell_entry_dis_mu, nicolae_shop_unique_rings,
          kennysheep_pointless_box, kilobyte_rumbling_trees, minmay_shoptagon
Depths:2: minmay_triangles_in_corner, layout_gridville, lightli_too_deep,
          chequers_big_river, rand_demon_pan_entry_1, wad_hexagon
Depths:3: minmay_strange_plus, layout_basic, serial_rivers,
          chequers_serial_rivers_small_b, chequers_serial_rivers_room_a,
          chequers_serial_rivers_micro_c, chequers_serial_rivers_small_3,
          minmay_misc_feat_five, serial_shops, nicolae_shop_advertising_works
          [nicolae_subvault_shop_adworks], hell_entry, abyss_entry,
          serial_bayou_ford_a, dk_noncrumbling_3, argonaut_fire_from_heaven
Depths:4: evilmike_zot_entry_hall, layout_cave_shapes, enter_ziggurat_e,
          pf_hell_entry_great_geh, nicolae_gozag_seed_capital,
          guppyfry_shop_earth, uniq_josephina
Zot:1:    circus_mu, layout_basic, hangedman_zot_decor_checkerboard,
          lemuel_baited_zot_trap
Zot:2:    layout_twisted_circle, st_stairs_11, drop_trap
Zot:3:    gammafunk_its_a_trap, layout_twisted_circle,
          hellmonk_ghost_happy_afterlife
Zot:4:    kennysheep_blocky_hall, layout_onion
Zot:5:    layout_concentric_octagons, skrybe_zot_glass_1

Skill      XL: |  1  2  3  4  5  6  7  8  9 10 11 12 13 14 15 16 17 18 19 20 21 22 23 24 25 26 |
---------------+-------------------------------------------------------------------------------+-----
Axes           | 3 4 5 6 8 9 11 13 14 15 16 17 19 20 | 20.2
Fighting       | 4 6 9 11 13 15 17 19 20 26 27 | 27.0
Armour         | 4 5 8 10 11 14 15 17 19 20 22 23 24 25 27 | 27.0
Shields        | 4 5 7 13 15 16 | 16.3
Throwing       | 1 4 |  4.0
Dodging        | 2 5 7 8 10 11 16 17 18 | 18.9
Evocations     | 5 7 8 10 12 13 14 15 20 | 20.1

Action                     |  1- 3 |  4- 6 |  7- 9 | 10-12 | 13-15 | 16-18 | 19-21 | 22-24 | 25-27 || total
---------------------------+-------+-------+-------+-------+-------+-------+-------+-------+-------++-------
  Melee: War axe           |    45 |       |       |   265 |   248 |       |       |       |       ||   558
         Hand axe          |    25 |   184 |   337 |   432 |       |       |       |       |       ||   978
         Whip              |       |       |     6 |       |       |       |       |       |       ||     6
         Broad axe         |       |       |       |    52 |       |       |       |  1402 |  1187 ||  2641
         Battleaxe         |       |       |       |       |   286 |   922 |  1395 |   202 |       ||  2805
         Unarmed           |       |       |       |       |     3 |       |       |       |       ||     3
         Morningstar       |       |       |       |       |       |       |       |    12 |       ||    12
  Throw: Dart              |       |       |       |    14 |       |    33 |    18 |     2 |       ||    67
         Throwing net      |       |       |       |     2 |       |       |     3 |       |       ||     5
 Invoke: Call Merchant     |       |       |       |       |       |       |     8 |     2 |     1 ||    11
  Evoke: Wand              |       |       |    10 |    15 |     6 |    23 |    10 |    23 |    11 ||    98
         Phantom mirror    |       |       |       |     2 |     2 |     1 |       |     2 |       ||     7
         Condenser vane    |       |       |       |       |     1 |     1 |     3 |     4 |     1 ||    10
    Use: Potion            |       |       |     6 |     3 |     5 |    12 |     3 |     7 |     8 ||    44
         Scroll            |       |       |    16 |     4 |     7 |    11 |    15 |     9 |    14 ||    76
   Stab: Invisible         |       |       |     5 |       |     2 |       |     3 |       |       ||    10
         Distracted        |       |       |       |     4 |     6 |    11 |     6 |    14 |     4 ||    45
         Held in net/web   |       |       |       |       |       |     1 |     5 |       |       ||     6
         Paralysed         |       |       |       |       |       |     1 |       |       |       ||     1
         Petrified         |       |       |       |       |       |       |     3 |       |       ||     3
 Armour: Scale mail        |    43 |   105 |   154 |       |       |       |       |       |       ||   302
         Chain mail        |       |       |    80 |   320 |   368 |   853 |  1153 |   754 |   711 ||  4239
         Plate armour      |       |       |       |   144 |       |       |       |       |       ||   144
         Skin              |       |       |       |       |     1 |       |       |       |       ||     1
         Quicksilver drago |       |       |       |       |       |       |       |   217 |    94 ||   311
  Dodge: Dodged            |    26 |    79 |   121 |   183 |   254 |   651 |   735 |   667 |   577 ||  3293
         Repelled          |       |       |     1 |       |       |       |       |       |       ||     1
  Block: Buckler           |    12 |    39 |    61 |   129 |    46 |       |       |   114 |   534 ||   935
         Other             |       |       |       |       |    43 |   199 |   226 |    43 |       ||   511
         Reflection        |       |       |       |       |     1 |     6 |    21 |    41 |    13 ||    82
         Kite shield       |       |       |       |       |       |       |       |   755 |       ||   755

Table legend: (Time is in decaauts)
 A = Elapsed time spent in this place.
 B = Non-inter-level travel time spent in this place.
 C = Inter-level travel time spent in this place.
 D = Time resting spent in this place.
 E = Time spent auto-exploring this place.
 F = Levels seen in this place.
 G = Mean time per level.
                   A        B        C        D        E       F      G
               +--------+--------+--------+--------+--------+-----+--------+
         Total |  92943 |  81091 |  11852 |  15185 |  51006 |  57 | 1630.6 |
       Dungeon |  20993 |  17325 |   3668 |   2483 |  11559 |  15 | 1399.5 |
        Temple |     40 |     21 |     19 |      0 |      0 |   1 |   40.0 |
          Lair |   8219 |   5724 |   2495 |    242 |   4167 |   5 | 1643.8 |
        Shoals |   6687 |   5986 |    701 |   1147 |   3663 |   4 | 1671.8 |
   Spider Nest |  10163 |   9332 |    831 |   2432 |   5335 |   4 | 2540.8 |
    Slime Pits |   3129 |   3014 |    115 |    651 |   1851 |   5 |  625.8 |
  Orcish Mines |   4490 |   3529 |    961 |    758 |   2170 |   2 | 2245.0 |
   Elven Halls |   6945 |   6277 |    668 |    922 |   4215 |   3 | 2315.0 |
        Vaults |   6401 |   6024 |    377 |    913 |   4140 |   4 | 1600.2 |
        Depths |  11220 |   9844 |   1376 |   2099 |   6256 |   4 | 2805.0 |
           Zot |  11382 |  10746 |    636 |   2741 |   6104 |   5 | 2276.4 |
        Bailey |    629 |    629 |      0 |    257 |    186 |   1 |  629.0 |
      Ice Cave |   1709 |   1709 |      0 |    497 |    913 |   1 | 1709.0 |
       Volcano |    319 |    319 |      0 |     34 |    121 |   1 |  319.0 |
        Wizlab |     76 |     76 |      0 |      0 |     44 |   1 |   76.0 |
      Gauntlet |    531 |    531 |      0 |      5 |    281 |   1 |  531.0 |
               +--------+--------+--------+--------+--------+-----+--------+

Top non-repeatable levels by time:
   Orc:2: 3557 daAuts
Depths:3: 3461 daAuts
   Zot:5: 3251 daAuts
Spider:3: 3171 daAuts
    D:13: 3010 daAuts
   Zot:1: 3002 daAuts
Vaults:1: 2918 daAuts
Depths:4: 2889 daAuts
   Elf:2: 2855 daAuts
  Lair:5: 2612 daAuts
Depths:1: 2586 daAuts
    D:10: 2559 daAuts
   Zot:4: 2553 daAuts
Spider:2: 2494 daAuts
    D:12: 2415 daAuts
